 Dungeon Crawl Stone Soup version 0.21-a0-621-gc60411f (webtiles) character file.

36 slep the Cutter (level 3, -4/27 HPs)
             Began as a Demonspawn Gladiator on Dec 24, 2017.
             Shot with a stone by a goblin (6 damage)
             ... on level 2 of the Dungeon.
             The game lasted 00:02:01 (770 turns).

slep the Cutter (Demonspawn Gladiator)               Turns: 770, Time: 00:02:01

Health: -4/27      AC:  4    Str: 14    XL:     3   Next: 19%
Magic:  3/3        EV: 13    Int:  9    God:
Gold:   64         SH:  0    Dex: 15    Spells: 2/2 levels left

rFire    . . .     SeeInvis .   a - +0 rapier
rCold    . . .     Gourm    .   (no shield)
rNeg     . . .     Faith    .   b - +0 leather armour
rPois    .         Spirit   .   (helmet restricted)
rElec    .         Reflect  .   (no cloak)
rCorr    .         Harm     .   (no gloves)
MR       .....                  (no boots)
Stlth    +.........             (no amulet)
HPRegen  0.09/turn              (no ring)
MPRegen  0.08/turn              (no ring)

@: no status effects
A: antennae 1, rugged brown scales 1
a: no special abilities


You were on level 2 of the Dungeon.
You were not hungry.

You visited 1 branch of the dungeon, and saw 2 of its levels.

You collected 64 gold pieces.

Inventory:

Hand Weapons
 a - a +0 rapier (weapon)
Missiles
 d - 3 throwing nets (quivered)
 i - 5 tomahawks
 l - 2 curare-tipped needles
 n - 20 poisoned needles
Armour
 b - a +0 leather armour (worn)
 c - a +0 helmet
Jewellery
 g - a cursed ring of loudness {unknown}
Scrolls
 j - a scroll of enchant armour {unknown}
 k - a scroll of fog {unknown}
 m - 3 scrolls of identify {unknown}
 p - a scroll of remove curse {unknown}
Potions
 e - 2 potions of lignification {unknown}
 h - 2 potions of curing {unknown}
 o - a potion of heal wounds {unknown}
Comestibles
 f - a ration


   Skills:
 + Level 2.2 Fighting
 + Level 3.3 Short Blades
 + Level 2.0 Throwing
 + Level 3.1 Dodging


You had 2 spell levels left.
You didn't know any spells.

Dungeon Overview and Level Annotations

Branches:
Dungeon (2/15)

Altars:


Innate Abilities, Weirdness & Mutations

You have a pair of small antennae on your head.
You are partially covered in rugged brown scales. (AC +1, +3% HP)


Message History

The adder closely misses you.
The goblin shoots a stone.
The stone hits you. The adder bites you.
You barely miss the adder.
The adder is heavily wounded.
The adder barely misses you.
You miss the adder.
The adder is heavily wounded.
The adder bites you.
* * * LOW HITPOINT WARNING * * *
The goblin shoots a stone.
The stone closely misses you.
You hit the adder but do no damage.
The adder is heavily wounded.
The adder bites you but does no damage.
The goblin shoots a stone.
The stone hits you.
* * * LOW HITPOINT WARNING * * *
The adder closely misses you.
You miss the adder.
The adder is heavily wounded.
The goblin shoots a stone.
The stone hits you.
You die...

###.#
###(###
#.....# #
#..(..##.#
#..(.....#
###(..####
#######...#
......S(..#
.......@..#
..........#
.......g..#
..........#
.$......###
#########


You could see an adder and a goblin.

Vanquished Creatures
  2 oozes
  2 dart slugs (D:1)
  A giant cockroach (D:1)
  4 goblins (D:1)
  4 hobgoblins
  A kobold (D:1)
  A ball python (D:2)
  5 bats
  2 rats (D:1)
22 creatures vanquished.

Notes
Turn   | Place    | Note
-------+----------+-------------------------------------------
     0 | D:1      | slep the Demonspawn Gladiator began the quest for the Orb.
     0 | D:1      | Reached XP level 1. HP: 16/16 MP: 1/1
   114 | D:1      | Gained mutation: You are partially covered in rugged brown scales. (AC +1, +3% HP) [demonic ancestry]
   114 | D:1      | Reached XP level 2. HP: 16/22 MP: 2/2
   702 | D:2      | Gained mutation: You have a pair of small antennae on your head. [demonic ancestry]
   702 | D:2      | Reached XP level 3. HP: 27/27 MP: 3/3
   769 | D:2      | HP: 1/27 [goblin/stone (4)]
   770 | D:2      | Shot with a stone by a goblin

Vault maps used:
D:1:      mrwooster_arrival_arrow, corner_web_ring, minmay_door_square,
          serial_bayou_lagoon_a

Skill      XL: |  1  2 |
---------------+-------+-----
Short Blades   | 3 |  3.3
Dodging        | 3 |  3.1
Throwing       | 2 |  2.0
Fighting       | |  2.2

Action                   || total
-------------------------++-------
Melee: Rapier            ||    59
Armor: Leather armour    ||    21
Dodge: Dodged            ||    41

Table legend:
 A = Spawn XP
 B = Non-spawn XP
 C = Spawn XP percentage of total XP
 D = Spawn monster count
 E = Non-spawn monster count
 F = Spawn count percentage of total count
 G = Total turns spent on level
                    A         B        C        D         E        F      G
               +---------+---------+-------+---------+---------+-------+---------
         Total |       0 |      52 |   0.0 |       0 |      22 |   0.0 |   770
               +---------+---------+-------+---------+---------+-------+---------
           D:1 |       0 |      40 |   0.0 |       0 |      18 |   0.0 |   677
           D:2 |       0 |      12 |   0.0 |       0 |       4 |   0.0 |    93
               +---------+---------+-------+---------+---------+-------+---------
